Demolitions vs Saguenéens
Created - 26 novembre 2014 at 19:19
Goals
|
| Demolitions |
2 |
0 |
1 |
1 |
4 |
| Saguenéens |
1 |
1 |
1 |
0 |
3 |
|
Shots
|
| Demolitions |
12 |
11 |
4 |
4 |
31 |
| Saguenéens |
13 |
17 |
6 |
0 |
36 |
|
1st period
1. Demolitions , Bobby Butler 11 (T.J. Hensick, Tim Erixon) at 2:06
2. Saguenéens , Rhett Rakhshani 4 (Luke Witkowski) at 9:06
3. Demolitions , T.J. Hensick 18 (Anthony Stewart) at 11:26
Penalties :
Brandon Burlon (Chi) for Tripping (Minor) at 14:28
2nd period
4. Saguenéens , Bryan Bickell 4 (Brian Flynn, Joffrey Lupul) at 12:12
Penalties :
Daniel Paille (Vic) for Tripping (Minor) at 3:03, Brad Richardson (Vic) for High sticking (Minor) at 13:42
3rd period
5. Demolitions , Konstantin Pushkarev 1 (Petr Vrana, Corban Knight) at 8:14
6. Saguenéens , Tyler McNeely 3 (Derek Morris, Eric Tangradi) at 12:57
Penalties :
Brad Richardson (Vic) for Tripping (Minor) at 0:22, Mike Sauer (Chi) for Hooking (Minor) at 15:16
Overtime #1
7. Demolitions , Brad Richardson 14 (Brandon Dubinsky) at 4:04
Penalties :
No Penalty
Goalie Stats
Chad Johnson (Vic), 33 saves from 36 shots - (0,917), W, 8-2-3, 64:04 minutes
Harru Sateri (Chi), 27 saves from 31 shots - (0,871), OTL, 4-4-2, 64:04 minutes
Players Stats for Demolitions
Player Name G A P +/- PIM S H SB GA TA FO MP PP MP PK MP
------------------------------------------------------------------------------------
Anssi Salmela 0 0 0 0 0 0 0 0 0 1 0/0 19:16 1:32 2:20
Anthony Stewart 0 1 1 2 0 2 1 0 0 0 0/0 17:20 1:50 0:33
Anton Babchuk 0 0 0 1 0 0 2 0 1 1 0/0 22:31 1:32 3:37
Bobby Butler 1 0 1 2 0 1 2 0 1 0 0/0 14:39 0:00 0:00
Brad Richardson 1 0 1 0 4 4 1 0 0 0 2/2 20:27 2:08 1:26
Brandon Dubinsky 0 1 1 0 0 6 2 0 0 0 17/27 22:00 2:08 3:29
Corban Knight 0 1 1 -1 0 0 0 0 0 0 1/3 9:00 0:00 1:33
Daniel Paille 0 0 0 -1 2 3 1 0 0 1 0/2 19:37 2:08 1:43
Darren Helm 0 0 0 0 0 1 0 0 0 0 1/4 15:20 0:00 0:11
Jordan LaVallee 0 0 0 0 0 4 2 0 0 0 0/0 15:38 0:00 0:47
Karl Alzner 0 0 0 0 0 1 0 2 1 3 0/0 23:54 2:26 0:00
Konstantin Pushkarev 1 0 1 -1 0 1 1 0 0 0 0/0 7:03 0:00 0:00
Kyle Cumiskey 0 0 0 1 0 1 0 3 0 1 0/0 29:03 2:26 3:37
Peter Harrold 0 0 0 0 0 1 2 1 0 0 0/0 18:48 0:00 2:20
Petr Vrana 0 1 1 -1 0 0 0 1 1 0 0/0 8:23 1:50 0:00
Spencer Machacek 0 0 0 0 0 2 2 0 0 0 0/0 16:37 0:00 2:12
T.J. Hensick 1 1 2 2 0 3 2 0 0 0 10/20 16:04 1:50 0:00
Tim Erixon 0 1 1 0 0 1 2 0 0 0 0/0 14:36 0:00 0:00
Players Stats for Saguenéens
Player Name G A P +/- PIM S H SB GA TA FO MP PP MP PK MP
------------------------------------------------------------------------------------
Brandon Burlon 0 0 0 -2 2 1 0 4 0 1 0/0 17:40 0:00 0:46
Brian Flynn 0 1 1 0 0 1 2 0 0 0 9/19 17:33 3:29 0:00
Bryan Bickell 1 0 1 0 0 3 0 1 0 0 0/0 13:47 0:00 0:17
David Laliberté 0 0 0 0 0 0 3 0 0 0 0/0 13:07 0:00 1:58
David Toews 0 0 0 0 0 0 0 0 0 0 0/4 9:40 0:00 0:00
Derek Morris 0 1 1 -1 0 6 2 2 0 1 0/0 28:33 3:07 1:36
Eric Tangradi 0 1 1 0 0 1 1 0 0 0 0/0 10:02 0:02 0:00
Evgeny Dadonov 0 0 0 0 0 9 2 0 2 1 1/2 22:15 3:29 0:00
Joffrey Lupul 0 1 1 0 0 0 0 1 1 0 1/1 17:07 2:28 1:45
Kevin Marshall 0 0 0 0 0 2 0 2 1 0 0/0 25:23 3:07 1:34
Kris Russell 0 0 0 1 0 0 1 2 0 0 0/0 21:35 2:50 2:22
Kyle Brodziak 0 0 0 0 0 2 4 3 2 0 13/26 22:49 2:26 1:58
Luke Witkowski 0 1 1 0 0 0 0 0 0 1 0/0 12:42 0:00 0:30
Marcus Johansson 0 0 0 -1 0 0 0 0 1 0 1/4 14:26 2:28 0:15
Mike Sauer 0 0 0 0 2 0 0 1 0 0 0/0 22:20 2:50 1:08
Rhett Rakhshani 1 0 1 0 0 4 1 0 0 0 1/1 10:00 0:00 0:00
Tyler Kennedy 0 0 0 -1 0 5 3 3 0 0 1/1 23:37 3:29 1:43
Tyler McNeely 1 0 1 0 0 2 0 0 0 0 0/0 9:40 0:00 0:00
3 Stars
1 - T.J. Hensick (Vic)
2 - Bobby Butler (Vic)
3 - Rhett Rakhshani (Chi)
Power Play
Demolitions - 0 on 2 Attempt(s) - 0,00%
Saguenéens - 0 on 3 Attempt(s) - 0,00%
Penalty Kill
Demolitions - 3 on 3 Attempt(s) - 100,00%
- Score 0 goal in Penalty Kill
Saguenéens - 2 on 2 Attempt(s) - 100,00%
- Score 0 goal in Penalty Kill
Official
Referees : StLaurent Francois and Rehman Kyle
Linesman : Shane Heyer and Scott Driscoll
Game Notes
No Game Note
Finance
Level 1 -- Attendance: 1331 (66,55%) -- Ticket Income 53 240 $
Level 2 -- Attendance: 692 (69,20%) -- Ticket Income 13 840 $
Total Attendance: 2023 (67,43%)
Total Ticket Income: 67 080 $
Other Income: 3 354 $
Total Income: 70 434 $
Demolitions
5 vs 5 Forward
Center Left Wing Right Wing Time % Phy DF OF
1 Brandon Dubinsky Daniel Paille Brad Richardson 40 0 2 3
2 T.J. Hensick Bobby Butler Anthony Stewart 39 0 2 3
3 Darren Helm Jordan LaVallee Spencer Machacek 20 0 2 3
4 Corban Knight Petr Vrana Konstantin Pushkarev 1 0 3 2
5 vs 5 Defense
Defense Defense Time % Phy DF OF
1 Karl Alzner Kyle Cumiskey 40 0 2 3
2 Peter Harrold Anton Babchuk 30 0 3 2
3 Anssi Salmela Tim Erixon 20 0 3 2
4 Karl Alzner Kyle Cumiskey 10 0 2 3
PowerPlay Forward
Center Left Wing Right Wing Time % Phy DF OF
1 Brandon Dubinsky Daniel Paille Brad Richardson 60 0 2 3
2 T.J. Hensick Petr Vrana Anthony Stewart 40 0 2 3
PowerPlay Defense
Defense Defense Time % Phy DF OF
1 Karl Alzner Kyle Cumiskey 60 0 2 3
2 Anton Babchuk Anssi Salmela 40 0 2 3
Penalty Kill 4 Players Forward
Center Wing Time % Phy DF OF
1 Brandon Dubinsky Brad Richardson 60 1 2 2
2 Anthony Stewart Daniel Paille 40 1 2 2
Penalty Kill 4 Players Defense
Defense Defense Time % Phy DF OF
1 Anton Babchuk Kyle Cumiskey 60 1 2 2
2 Peter Harrold Anssi Salmela 40 1 2 2
Penalty Kill - 3 Players Forward
Forward Time % Phy DF OF
1 Brandon Dubinsky 60 1 2 2
2 Brad Richardson 40 1 2 2
Penalty Kill - 3 Players Defense
Defense Defense Time % Phy DF OF
1 Anton Babchuk Kyle Cumiskey 60 1 2 2
2 Peter Harrold Anssi Salmela 40 1 2 2
4 vs 4 Forward
Center Wing Time % Phy DF OF
1 Brandon Dubinsky Brad Richardson 60 1 2 2
2 Anthony Stewart Daniel Paille 40 1 2 2
4 vs 4 Defense
Defense Defense Time % Phy DF OF
1 Anton Babchuk Kyle Cumiskey 60 1 2 2
2 Peter Harrold Anssi Salmela 40 1 2 2
Last Minutes Offensive
Center Left Wing Right Wing Defense Defense
Brandon Dubinsky Daniel Paille Brad Richardson Anton Babchuk Kyle Cumiskey
Last Minutes Defensive
Center Left Wing Right Wing Defense Defense
Brandon Dubinsky Daniel Paille Brad Richardson Anton Babchuk Kyle Cumiskey
Goaltenders
Starting : Chad Johnson
Backup : Brent Krahn
Extra Forwards
Normal : Darren Helm, Jordan LaVallee, Spencer Machacek - PP : Darren Helm, Jordan LaVallee - PK : Spencer Machacek
Extra Defensemen
Normal : Karl Alzner, Tim Erixon, Peter Harrold - PP : Karl Alzner - PK : Tim Erixon, Peter Harrold
Penalty Shots
Brandon Dubinsky, Brad Richardson, Anthony Stewart, Daniel Paille, T.J. Hensick
Saguenéens
5 vs 5 Forward
Center Left Wing Right Wing Time % Phy DF OF
1 Kyle Brodziak Evgeny Dadonov Tyler Kennedy 40 1 2 2
2 Brian Flynn Bryan Bickell Joffrey Lupul 30 1 2 2
3 Marcus Johansson Eric Tangradi David Laliberté 20 1 2 2
4 David Toews Tyler McNeely Rhett Rakhshani 10 1 2 2
5 vs 5 Defense
Defense Defense Time % Phy DF OF
1 Derek Morris Kevin Marshall 37 1 2 2
2 Kris Russell Mike Sauer 33 1 2 2
3 Luke Witkowski Brandon Burlon 20 1 2 2
4 Derek Morris Brandon Burlon 10 0 2 3
PowerPlay Forward
Center Left Wing Right Wing Time % Phy DF OF
1 Brian Flynn Evgeny Dadonov Tyler Kennedy 55 1 1 3
2 Marcus Johansson Joffrey Lupul Kyle Brodziak 45 1 1 3
PowerPlay Defense
Defense Defense Time % Phy DF OF
1 Derek Morris Kevin Marshall 50 0 2 3
2 Mike Sauer Kris Russell 50 0 2 3
Penalty Kill 4 Players Forward
Center Wing Time % Phy DF OF
1 Kyle Brodziak David Laliberté 50 1 3 1
2 Joffrey Lupul Tyler Kennedy 50 2 2 1
Penalty Kill 4 Players Defense
Defense Defense Time % Phy DF OF
1 Kris Russell Mike Sauer 50 1 3 1
2 Derek Morris Kevin Marshall 50 1 3 1
Penalty Kill - 3 Players Forward
Forward Time % Phy DF OF
1 Kyle Brodziak 50 1 3 1
2 Tyler Kennedy 50 1 3 1
Penalty Kill - 3 Players Defense
Defense Defense Time % Phy DF OF
1 Kris Russell Mike Sauer 50 1 3 1
2 Derek Morris Kevin Marshall 50 1 3 1
4 vs 4 Forward
Center Wing Time % Phy DF OF
1 Kyle Brodziak Evgeny Dadonov 50 1 1 3
2 Marcus Johansson Tyler Kennedy 50 2 1 2
4 vs 4 Defense
Defense Defense Time % Phy DF OF
1 Brandon Burlon Mike Sauer 50 1 2 2
2 Derek Morris Kevin Marshall 50 1 2 2
Last Minutes Offensive
Center Left Wing Right Wing Defense Defense
Kyle Brodziak Joffrey Lupul Tyler Kennedy Derek Morris Mike Sauer
Last Minutes Defensive
Center Left Wing Right Wing Defense Defense
Kyle Brodziak Evgeny Dadonov Tyler Kennedy Derek Morris Mike Sauer
Goaltenders
Starting : Harru Sateri
Backup : James Reimer
Extra Forwards
Normal : Brian Flynn, David Laliberté, Evgeny Dadonov - PP : Eric Tangradi, Bryan Bickell - PK : Joffrey Lupul
Extra Defensemen
Normal : Brandon Burlon, Derek Morris, Mike Sauer - PP : Brandon Burlon - PK : Brandon Burlon, Luke Witkowski
Penalty Shots
Evgeny Dadonov, Tyler Kennedy, Joffrey Lupul, Kyle Brodziak, Bryan Bickell
% Time on Ice - Demolitions
Lines # - Real PCT - Wanted PCT - Time Play
Normal Forward
1 - 31% - 40% - 15:34
2 - 30% - 39% - 15:10
3 - 26% - 20% - 12:48
4 - 13% - 1% - 6:33
Normal Defense
1 - 36% - 40% - 18:04
2 - 27% - 30% - 13:40
3 - 29% - 20% - 14:35
4 - 8% - 10% - 3:46
PP Forward
1 - 54% - 60% - 2:08
2 - 46% - 40% - 1:50
PP Defense
1 - 61% - 60% - 2:26
2 - 39% - 40% - 1:32
PK Forward
1 - 91% - 60% - 5:24
2 - 9% - 40% - 0:33
PK Defense
1 - 61% - 60% - 3:37
2 - 39% - 40% - 2:20
PK3 Forward
1 - 0% - 60%
2 - 0% - 40%
PK3 Defense
1 - 0% - 60%
2 - 0% - 40%
44 Forward
1 - 91% - 60% - 3:41
2 - 9% - 40% - 0:23
44 Defense
1 - 58% - 60% - 2:21
2 - 42% - 40% - 1:43
Last Minute Offensive - 0:00
Last Minute Defensive - 0:00
Total
Forward - 64:04
Defense - 64:04
|
% Time on Ice - Saguenéens
Lines # - Real PCT - Wanted PCT - Time Play
Normal Forward
1 - 35% - 40% - 17:25
2 - 27% - 30% - 13:18
3 - 19% - 20% - 9:42
4 - 19% - 10% - 9:40
Normal Defense
1 - 38% - 37% - 19:09
2 - 32% - 33% - 16:12
3 - 24% - 20% - 11:52
4 - 6% - 10% - 2:52
PP Forward
1 - 59% - 55% - 3:29
2 - 41% - 45% - 2:28
PP Defense
1 - 52% - 50% - 3:07
2 - 48% - 50% - 2:50
PK Forward
1 - 50% - 50% - 1:58
2 - 50% - 50% - 2:00
PK Defense
1 - 61% - 50% - 2:24
2 - 39% - 50% - 1:34
PK3 Forward
1 - 0% - 50%
2 - 0% - 50%
PK3 Defense
1 - 0% - 50%
2 - 0% - 50%
44 Forward
1 - 51% - 50% - 2:05
2 - 49% - 50% - 1:59
44 Defense
1 - 59% - 50% - 2:24
2 - 41% - 50% - 1:40
Last Minute Offensive - 0:00
Last Minute Defensive - 0:00
Total
Forward - 64:04
Defense - 64:04
|
Play by Play
1st period
0:01 of 1st period - Brandon Dubinsky wins face-off versus Kyle Brodziak in neutral zone.
0:40 of 1st period - Backhand shot by Brad Richardson.
0:40 of 1st period - Shot Misses the Net.
0:42 of 1st period - Slapshot by Kyle Cumiskey.
0:42 of 1st period - Shot Blocked by Kris Russell.
2:06 of 1st period - Wrist shot by Bobby Butler.
2:06 of 1st period - Goal by Bobby Butler - Demolitions : 1 - Saguenéens : 0.
2:07 of 1st period - Kyle Brodziak wins face-off versus T.J. Hensick in neutral zone.
2:10 of 1st period - Snap shot by Evgeny Dadonov.
2:10 of 1st period - Shot Misses the Net.
2:37 of 1st period - Peter Harrold is hit by David Laliberté and loses puck.
3:33 of 1st period - Kyle Cumiskey is hit by Tyler Kennedy and loses puck.
4:23 of 1st period - Icing by Jordan LaVallee.
4:24 of 1st period - Kyle Brodziak wins face-off versus Darren Helm in Demolitions zone.
4:45 of 1st period - Snap shot by Darren Helm.
4:45 of 1st period - Shot Blocked by Tyler Kennedy.
5:15 of 1st period - Wrist shot by Jordan LaVallee.
5:15 of 1st period - Stopped by Harru Sateri with a rebound.
5:17 of 1st period - Slapshot by Karl Alzner.
5:17 of 1st period - Shot Misses the Net.
5:19 of 1st period - Slapshot by Karl Alzner.
5:19 of 1st period - Shot Misses the Net.
5:21 of 1st period - Slapshot by Kyle Cumiskey.
5:21 of 1st period - Shot Misses the Net.
5:41 of 1st period - Wrist shot by Darren Helm.
5:41 of 1st period - Shot Blocked by Mike Sauer.
6:08 of 1st period - Snap shot by Jordan LaVallee.
6:08 of 1st period - Shot Blocked by Tyler Kennedy.
6:20 of 1st period - Wrist shot by Evgeny Dadonov.
6:20 of 1st period - Stopped by Chad Johnson with a rebound.
6:49 of 1st period - Wrist shot by Spencer Machacek.
6:49 of 1st period - Shot Blocked by Kyle Brodziak.
6:51 of 1st period - Snap shot by Darren Helm.
6:51 of 1st period - Shot Misses the Net.
6:53 of 1st period - Slapshot by Karl Alzner.
6:53 of 1st period - Shot Blocked by Kris Russell.
6:55 of 1st period - Slapshot by Karl Alzner.
6:55 of 1st period - Shot Blocked by Kyle Brodziak.
6:57 of 1st period - Slapshot by Karl Alzner.
6:57 of 1st period - Stopped by Harru Sateri without a rebound.
6:58 of 1st period - T.J. Hensick wins face-off versus Brian Flynn in Saguenéens zone.
7:13 of 1st period - Slapshot by T.J. Hensick.
7:13 of 1st period - Shot Misses the Net.
7:20 of 1st period - Icing by Kevin Marshall.
7:21 of 1st period - Brandon Dubinsky wins face-off versus Marcus Johansson in Saguenéens zone.
7:26 of 1st period - Slapshot by Brandon Dubinsky.
7:26 of 1st period - Shot Misses the Net.
7:46 of 1st period - Kevin Marshall is hit by Tim Erixon.
8:50 of 1st period - Snap shot by Bobby Butler.
8:50 of 1st period - Shot Misses the Net.
9:06 of 1st period - Snap shot by Rhett Rakhshani.
9:06 of 1st period - Goal by Rhett Rakhshani - Demolitions : 1 - Saguenéens : 1.
9:07 of 1st period - T.J. Hensick wins face-off versus Brian Flynn in neutral zone.
9:57 of 1st period - Slapshot by Petr Vrana.
9:57 of 1st period - Shot Blocked by Brandon Burlon.
9:59 of 1st period - Slapshot by Tim Erixon.
9:59 of 1st period - Deflect By Derek Morris.
9:59 of 1st period - Stopped by Harru Sateri with a rebound.
10:01 of 1st period - Snap shot by Petr Vrana.
10:01 of 1st period - Deflect By Corban Knight.
10:01 of 1st period - Shot Hit the Post.
10:01 of 1st period - Puck is out of play.
10:02 of 1st period - T.J. Hensick wins face-off versus Brian Flynn in Saguenéens zone.
10:03 of 1st period - Wrist shot by Anthony Stewart.
10:03 of 1st period - Stopped by Harru Sateri without a rebound.
10:04 of 1st period - T.J. Hensick wins face-off versus Brian Flynn in Saguenéens zone.
10:29 of 1st period - Brad Richardson is hit by Evgeny Dadonov and loses puck.
10:38 of 1st period - Snap shot by Brandon Dubinsky.
10:38 of 1st period - Shot Misses the Net.
10:54 of 1st period - Snap shot by Jordan LaVallee.
10:54 of 1st period - Stopped by Harru Sateri with a rebound.
10:56 of 1st period - Wrist shot by Darren Helm.
10:56 of 1st period - Shot Misses the Net.
11:02 of 1st period - Wrist shot by Jordan LaVallee.
11:02 of 1st period - Stopped by Harru Sateri with a rebound.
11:04 of 1st period - Wrist shot by Spencer Machacek.
11:04 of 1st period - Stopped by Harru Sateri with a rebound.
11:06 of 1st period - Snap shot by Jordan LaVallee.
11:06 of 1st period - Deflect By Darren Helm.
11:06 of 1st period - Shot Misses the Net.
11:06 of 1st period - Puck is out of play.
11:07 of 1st period - Brandon Dubinsky wins face-off versus Brian Flynn in Saguenéens zone.
11:18 of 1st period - Snap shot by Brandon Dubinsky.
11:18 of 1st period - Stopped by Harru Sateri without a rebound.
11:19 of 1st period - T.J. Hensick wins face-off versus Brian Flynn in Saguenéens zone.
11:22 of 1st period - Wrist shot by T.J. Hensick.
11:22 of 1st period - Shot Blocked by Derek Morris.
11:24 of 1st period - Slapshot by T.J. Hensick.
11:24 of 1st period - Shot Misses the Net.
11:26 of 1st period - Wrist shot by T.J. Hensick.
11:26 of 1st period - Goal by T.J. Hensick - Demolitions : 2 - Saguenéens : 1.
11:27 of 1st period - Kyle Brodziak wins face-off versus T.J. Hensick in neutral zone.
11:52 of 1st period - Kevin Marshall is hit by Daniel Paille and loses puck.
12:49 of 1st period - Off-side.
12:50 of 1st period - Kyle Brodziak wins face-off versus Brandon Dubinsky in neutral zone.
12:55 of 1st period - Wrist shot by Tyler Kennedy.
12:55 of 1st period - Shot Misses the Net.
12:59 of 1st period - Wrist shot by Tyler Kennedy.
12:59 of 1st period - Stopped by Chad Johnson with a rebound.
13:01 of 1st period - Snap shot by Kyle Brodziak.
13:01 of 1st period - Stopped by Chad Johnson with a rebound.
13:05 of 1st period - Wrist shot by Tyler Kennedy.
13:05 of 1st period - Shot Misses the Net.
14:01 of 1st period - Wrist shot by Brian Flynn.
14:01 of 1st period - Deflect By Bryan Bickell.
14:01 of 1st period - Shot Blocked by Karl Alzner.
14:01 of 1st period - Puck is out of play.
14:02 of 1st period - Kyle Brodziak wins face-off versus Corban Knight in Demolitions zone.
14:03 of 1st period - Snap shot by Tyler Kennedy.
14:03 of 1st period - Stopped by Chad Johnson without a rebound.
14:04 of 1st period - Kyle Brodziak wins face-off versus Corban Knight in Demolitions zone.
14:23 of 1st period - Slapshot by Konstantin Pushkarev.
14:23 of 1st period - Shot Misses the Net.
14:25 of 1st period - Wrist shot by Peter Harrold.
14:25 of 1st period - Stopped by Harru Sateri without a rebound.
14:26 of 1st period - Marcus Johansson wins face-off versus Brandon Dubinsky in Saguenéens zone.
14:28 of 1st period - Minor Penalty to Brandon Burlon for Tripping.
14:29 of 1st period - Kyle Brodziak wins face-off versus Brandon Dubinsky in Saguenéens zone.
14:33 of 1st period - Karl Alzner is hit by Kyle Brodziak and loses puck.
16:28 of 1st period - Penalty to Brandon Burlon is over, Brandon Burlon is back on ice.
16:41 of 1st period - Wrist shot by Tyler McNeely.
16:41 of 1st period - Stopped by Chad Johnson with a rebound.
16:43 of 1st period - Slapshot by Brandon Burlon.
16:43 of 1st period - Shot Misses the Net.
16:45 of 1st period - Snap shot by Rhett Rakhshani.
16:45 of 1st period - Stopped by Chad Johnson without a rebound.
16:46 of 1st period - Darren Helm wins face-off versus David Toews in Demolitions zone.
16:59 of 1st period - Luke Witkowski is hit by Jordan LaVallee and loses puck.
17:10 of 1st period - Brandon Burlon is hit by T.J. Hensick and loses puck.
17:33 of 1st period - Wrist shot by Eric Tangradi.
17:33 of 1st period - Stopped by Chad Johnson with a rebound.
17:53 of 1st period - Slapshot by Derek Morris.
17:53 of 1st period - Stopped by Chad Johnson with a rebound.
18:35 of 1st period - Kevin Marshall is hit by Anton Babchuk and loses puck.
19:04 of 1st period - Backhand shot by Rhett Rakhshani.
19:04 of 1st period - Shot Misses the Net.
19:06 of 1st period - Slapshot by Mike Sauer.
19:06 of 1st period - Shot Blocked by Kyle Cumiskey.
19:08 of 1st period - Wrist shot by David Toews.
19:08 of 1st period - Shot Blocked by Karl Alzner.
19:24 of 1st period - Wrist shot by Darren Helm.
19:24 of 1st period - Shot Misses the Net.
19:26 of 1st period - Slapshot by Kyle Cumiskey.
19:26 of 1st period - Stopped by Harru Sateri with a rebound.
19:28 of 1st period - Slapshot by Karl Alzner.
19:28 of 1st period - Shot Blocked by Joffrey Lupul.
19:40 of 1st period - Snap shot by Tyler Kennedy.
19:40 of 1st period - Stopped by Chad Johnson without a rebound.
19:41 of 1st period - Kyle Brodziak wins face-off versus T.J. Hensick in Demolitions zone.
19:50 of 1st period - Snap shot by Evgeny Dadonov.
19:50 of 1st period - Stopped by Chad Johnson with a rebound.
19:52 of 1st period - Snap shot by Evgeny Dadonov.
19:52 of 1st period - Stopped by Chad Johnson with a rebound.
19:54 of 1st period - Wrist shot by Evgeny Dadonov.
19:54 of 1st period - Deflect By T.J. Hensick.
19:54 of 1st period - Stopped by Chad Johnson without a rebound.
19:55 of 1st period - Brandon Dubinsky wins face-off versus Kyle Brodziak in Demolitions zone.
Goals for this period are 2 for Demolitions vs 1 for Saguenéens.
Shots for this period are 12 for Demolitions vs 13 for Saguenéens.
2nd period
0:01 of 2nd period - Brandon Dubinsky wins face-off versus Kyle Brodziak in neutral zone.
0:13 of 2nd period - Snap shot by Brad Richardson.
0:13 of 2nd period - Stopped by Harru Sateri with a rebound.
0:25 of 2nd period - Kevin Marshall is hit by Bobby Butler and loses puck.
0:30 of 2nd period - Wrist shot by T.J. Hensick.
0:30 of 2nd period - Stopped by Harru Sateri with a rebound.
0:32 of 2nd period - Wrist shot by Bobby Butler.
0:32 of 2nd period - Shot Misses the Net.
0:34 of 2nd period - Slapshot by Peter Harrold.
0:34 of 2nd period - Shot Misses the Net.
0:52 of 2nd period - Slapshot by Derek Morris.
0:52 of 2nd period - Stopped by Chad Johnson with a rebound.
1:13 of 2nd period - Slapshot by Derek Morris.
1:13 of 2nd period - Stopped by Chad Johnson without a rebound.
1:14 of 2nd period - Brad Richardson wins face-off versus David Toews in Demolitions zone.
1:45 of 2nd period - Snap shot by Anthony Stewart.
1:45 of 2nd period - Shot Blocked by Kyle Brodziak.
1:47 of 2nd period - Snap shot by T.J. Hensick.
1:47 of 2nd period - Stopped by Harru Sateri without a rebound.
1:48 of 2nd period - Brian Flynn wins face-off versus Brandon Dubinsky in Saguenéens zone.
1:55 of 2nd period - Snap shot by Daniel Paille.
1:55 of 2nd period - Shot Misses the Net.
2:13 of 2nd period - Bobby Butler is hit by Kyle Brodziak and loses puck.
2:35 of 2nd period - Mike Sauer is hit by Peter Harrold and loses puck.
2:44 of 2nd period - Slapshot by Jordan LaVallee.
2:44 of 2nd period - Stopped by Harru Sateri without a rebound.
2:45 of 2nd period - Brandon Dubinsky wins face-off versus Kyle Brodziak in Saguenéens zone.
2:50 of 2nd period - Wrist shot by Brandon Dubinsky.
2:50 of 2nd period - Stopped by Harru Sateri with a rebound.
2:52 of 2nd period - Slapshot by Anssi Salmela.
2:52 of 2nd period - Deflect By Daniel Paille.
2:52 of 2nd period - Stopped by Harru Sateri with a rebound.
2:54 of 2nd period - Backhand shot by Brad Richardson.
2:54 of 2nd period - Stopped by Harru Sateri without a rebound.
2:55 of 2nd period - Kyle Brodziak wins face-off versus Brandon Dubinsky in Saguenéens zone.
3:03 of 2nd period - Minor Penalty to Daniel Paille for Tripping.
3:04 of 2nd period - Brandon Dubinsky wins face-off versus Brian Flynn in Demolitions zone.
3:16 of 2nd period - Off-side.
3:17 of 2nd period - Brandon Dubinsky wins face-off versus Brian Flynn in neutral zone.
3:28 of 2nd period - Snap shot by Tyler Kennedy.
3:28 of 2nd period - Deflect By Brian Flynn.
3:28 of 2nd period - Shot Misses the Net.
3:28 of 2nd period - Puck is out of play.
3:29 of 2nd period - Brian Flynn wins face-off versus Brandon Dubinsky in Demolitions zone.
3:30 of 2nd period - Wrist shot by Tyler Kennedy.
3:30 of 2nd period - Shot Misses the Net.
3:32 of 2nd period - Snap shot by Evgeny Dadonov.
3:32 of 2nd period - Stopped by Chad Johnson with a rebound.
3:34 of 2nd period - Wrist shot by Brian Flynn.
3:34 of 2nd period - Shot Misses the Net.
3:40 of 2nd period - Slapshot by Tyler Kennedy.
3:40 of 2nd period - Stopped by Chad Johnson with a rebound.
3:42 of 2nd period - Wrist shot by Brian Flynn.
3:42 of 2nd period - Stopped by Chad Johnson without a rebound.
3:43 of 2nd period - Brandon Dubinsky wins face-off versus Evgeny Dadonov in Demolitions zone.
3:58 of 2nd period - Snap shot by Evgeny Dadonov.
3:58 of 2nd period - Shot Blocked by Kyle Cumiskey.
5:03 of 2nd period - Penalty to Daniel Paille is over, Daniel Paille is back on ice.
5:15 of 2nd period - Backhand shot by Konstantin Pushkarev.
5:15 of 2nd period - Shot Blocked by Kevin Marshall.
6:14 of 2nd period - Bobby Butler is hit by Eric Tangradi and loses puck.
6:29 of 2nd period - Snap shot by Petr Vrana.
6:29 of 2nd period - Shot Hit the Post.
6:53 of 2nd period - Luke Witkowski is hit by Brad Richardson and loses puck.
7:26 of 2nd period - Backhand shot by Joffrey Lupul.
7:26 of 2nd period - Deflect By Bryan Bickell.
7:26 of 2nd period - Stopped by Chad Johnson without a rebound.
7:27 of 2nd period - T.J. Hensick wins face-off versus Kyle Brodziak in Demolitions zone.
7:27 of 2nd period - T.J. Hensick is hit by Kyle Brodziak.
7:39 of 2nd period - Slapshot by Tyler Kennedy.
7:39 of 2nd period - Shot Misses the Net.
7:41 of 2nd period - Slapshot by Evgeny Dadonov.
7:41 of 2nd period - Stopped by Chad Johnson with a rebound.
7:43 of 2nd period - Snap shot by Evgeny Dadonov.
7:43 of 2nd period - Stopped by Chad Johnson with a rebound.
8:48 of 2nd period - Wrist shot by Petr Vrana.
8:48 of 2nd period - Shot Blocked by Kevin Marshall.
9:06 of 2nd period - Snap shot by Marcus Johansson.
9:06 of 2nd period - Deflect By David Laliberté.
9:06 of 2nd period - Shot Misses the Net.
9:06 of 2nd period - Puck is out of play.
9:07 of 2nd period - Brian Flynn wins face-off versus Daniel Paille in Demolitions zone.
9:39 of 2nd period - T.J. Hensick is hit by Tyler Kennedy and loses puck.
10:25 of 2nd period - Snap shot by Rhett Rakhshani.
10:25 of 2nd period - Stopped by Chad Johnson without a rebound.
10:26 of 2nd period - Kyle Brodziak wins face-off versus T.J. Hensick in Demolitions zone.
10:57 of 2nd period - Slapshot by Daniel Paille.
10:57 of 2nd period - Stopped by Harru Sateri with a rebound.
11:21 of 2nd period - Wrist shot by Kyle Brodziak.
11:21 of 2nd period - Shot Misses the Net.
11:23 of 2nd period - Snap shot by Kevin Marshall.
11:23 of 2nd period - Stopped by Chad Johnson with a rebound.
11:25 of 2nd period - Slapshot by Derek Morris.
11:25 of 2nd period - Shot Misses the Net.
11:27 of 2nd period - Slapshot by Kevin Marshall.
11:27 of 2nd period - Stopped by Chad Johnson with a rebound.
11:29 of 2nd period - Slapshot by Derek Morris.
11:29 of 2nd period - Stopped by Chad Johnson with a rebound.
11:31 of 2nd period - Snap shot by Tyler Kennedy.
11:31 of 2nd period - Stopped by Chad Johnson with a rebound.
12:04 of 2nd period - Backhand shot by Kyle Brodziak.
12:04 of 2nd period - Stopped by Chad Johnson without a rebound.
12:05 of 2nd period - Joffrey Lupul wins face-off versus Brandon Dubinsky in Demolitions zone.
12:12 of 2nd period - Wrist shot by Bryan Bickell.
12:12 of 2nd period - Goal by Bryan Bickell - Demolitions : 2 - Saguenéens : 2.
12:13 of 2nd period - Brandon Dubinsky wins face-off versus Brian Flynn in neutral zone.
12:26 of 2nd period - Slapshot by Daniel Paille.
12:26 of 2nd period - Stopped by Harru Sateri with a rebound.
12:42 of 2nd period - Icing by Kyle Cumiskey.
12:43 of 2nd period - Rhett Rakhshani wins face-off versus T.J. Hensick in Demolitions zone.
12:55 of 2nd period - Snap shot by Rhett Rakhshani.
12:55 of 2nd period - Stopped by Chad Johnson without a rebound.
12:56 of 2nd period - Brandon Dubinsky wins face-off versus Brian Flynn in Demolitions zone.
13:10 of 2nd period - Off-side.
13:11 of 2nd period - T.J. Hensick wins face-off versus Kyle Brodziak in neutral zone.
13:33 of 2nd period - Icing by Karl Alzner.
13:34 of 2nd period - Brian Flynn wins face-off versus T.J. Hensick in Demolitions zone.
13:39 of 2nd period - Slapshot by Bryan Bickell.
13:39 of 2nd period - Stopped by Chad Johnson without a rebound.
13:40 of 2nd period - Brandon Dubinsky wins face-off versus Kyle Brodziak in Demolitions zone.
13:42 of 2nd period - Minor Penalty to Brad Richardson for High sticking.
13:43 of 2nd period - Brian Flynn wins face-off versus Brandon Dubinsky in Demolitions zone.
14:13 of 2nd period - Slapshot by Derek Morris.
14:13 of 2nd period - Shot Misses the Net.
15:42 of 2nd period - Penalty to Brad Richardson is over, Brad Richardson is back on ice.
15:48 of 2nd period - Slapshot by Darren Helm.
15:48 of 2nd period - Stopped by Harru Sateri with a rebound.
15:51 of 2nd period - Icing by Kris Russell.
15:52 of 2nd period - T.J. Hensick wins face-off versus David Toews in Saguenéens zone.
16:29 of 2nd period - Slapshot by Konstantin Pushkarev.
16:29 of 2nd period - Shot Misses the Net.
16:50 of 2nd period - Eric Tangradi is hit by Anton Babchuk.
17:03 of 2nd period - Off-side.
17:04 of 2nd period - Kyle Brodziak wins face-off versus T.J. Hensick in neutral zone.
17:07 of 2nd period - Kyle Cumiskey is hit by Derek Morris and loses puck.
18:18 of 2nd period - Snap shot by Rhett Rakhshani.
18:18 of 2nd period - Shot Blocked by Petr Vrana.
18:20 of 2nd period - Snap shot by Rhett Rakhshani.
18:20 of 2nd period - Shot Misses the Net.
19:33 of 2nd period - Wrist shot by Konstantin Pushkarev.
19:33 of 2nd period - Shot Misses the Net.
19:35 of 2nd period - Slapshot by Corban Knight.
19:35 of 2nd period - Shot Misses the Net.
19:45 of 2nd period - Slapshot by Brandon Dubinsky.
19:45 of 2nd period - Stopped by Harru Sateri without a rebound.
19:46 of 2nd period - Brandon Dubinsky wins face-off versus Kyle Brodziak in Saguenéens zone.
Goals for this period are 0 for Demolitions vs 1 for Saguenéens.
Shots for this period are 11 for Demolitions vs 17 for Saguenéens.
3rd period
0:01 of 3rd period - Brandon Dubinsky wins face-off versus Kyle Brodziak in neutral zone.
0:06 of 3rd period - Slapshot by Karl Alzner.
0:06 of 3rd period - Shot Blocked by Brandon Burlon.
0:12 of 3rd period - Slapshot by Evgeny Dadonov.
0:12 of 3rd period - Shot Misses the Net.
0:14 of 3rd period - Snap shot by Brandon Burlon.
0:14 of 3rd period - Stopped by Chad Johnson with a rebound.
0:16 of 3rd period - Wrist shot by Evgeny Dadonov.
0:16 of 3rd period - Stopped by Chad Johnson with a rebound.
0:22 of 3rd period - Minor Penalty to Brad Richardson for Tripping.
0:23 of 3rd period - Brian Flynn wins face-off versus Brandon Dubinsky in Demolitions zone.
1:45 of 3rd period - Marcus Johansson is hit by Peter Harrold and loses puck.
1:54 of 3rd period - Corban Knight is hit by Kyle Brodziak and loses puck.
2:22 of 3rd period - Penalty to Brad Richardson is over, Brad Richardson is back on ice.
3:05 of 3rd period - Kris Russell is hit by Konstantin Pushkarev and loses puck.
3:32 of 3rd period - Bryan Bickell is hit by T.J. Hensick and loses puck.
6:04 of 3rd period - Wrist shot by Petr Vrana.
6:04 of 3rd period - Shot Misses the Net.
6:18 of 3rd period - Mike Sauer is hit by Spencer Machacek and loses puck.
6:31 of 3rd period - Luke Witkowski is hit by Brandon Dubinsky and loses puck.
7:13 of 3rd period - Backhand shot by Peter Harrold.
7:13 of 3rd period - Shot Blocked by Tyler Kennedy.
7:31 of 3rd period - Kris Russell is hit by Tim Erixon and loses puck.
7:46 of 3rd period - Bryan Bickell is hit by Bobby Butler and loses puck.
8:06 of 3rd period - Icing by Brandon Burlon.
8:07 of 3rd period - Corban Knight wins face-off versus David Toews in Saguenéens zone.
8:14 of 3rd period - Snap shot by Konstantin Pushkarev.
8:14 of 3rd period - Goal by Konstantin Pushkarev - Demolitions : 3 - Saguenéens : 2.
8:15 of 3rd period - T.J. Hensick wins face-off versus Kyle Brodziak in neutral zone.
8:21 of 3rd period - Off-side.
8:22 of 3rd period - Tyler Kennedy wins face-off versus T.J. Hensick in neutral zone.
8:28 of 3rd period - Off-side.
8:29 of 3rd period - Kyle Brodziak wins face-off versus Brandon Dubinsky in neutral zone.
9:02 of 3rd period - Wrist shot by Derek Morris.
9:02 of 3rd period - Stopped by Chad Johnson with a rebound.
10:19 of 3rd period - Anssi Salmela is hit by Kris Russell and loses puck.
10:46 of 3rd period - Snap shot by Brad Richardson.
10:46 of 3rd period - Shot Misses the Net.
10:56 of 3rd period - Kyle Cumiskey is hit by Evgeny Dadonov and loses puck.
11:29 of 3rd period - Slapshot by Anthony Stewart.
11:29 of 3rd period - Stopped by Harru Sateri without a rebound.
11:30 of 3rd period - Brad Richardson wins face-off versus Kyle Brodziak in Saguenéens zone.
11:51 of 3rd period - Kyle Brodziak is hit by Brandon Dubinsky and loses puck.
12:06 of 3rd period - Wrist shot by Evgeny Dadonov.
12:06 of 3rd period - Stopped by Chad Johnson without a rebound.
12:07 of 3rd period - Brian Flynn wins face-off versus T.J. Hensick in Demolitions zone.
12:32 of 3rd period - Darren Helm is hit by Derek Morris and loses puck.
12:57 of 3rd period - Slapshot by Tyler McNeely.
12:57 of 3rd period - Goal by Tyler McNeely - Demolitions : 3 - Saguenéens : 3.
12:58 of 3rd period - Evgeny Dadonov wins face-off versus T.J. Hensick in neutral zone.
13:24 of 3rd period - Kyle Cumiskey is hit by Brian Flynn and loses puck.
13:35 of 3rd period - Snap shot by Brandon Dubinsky.
13:35 of 3rd period - Shot Misses the Net.
13:51 of 3rd period - Marcus Johansson is hit by Spencer Machacek and loses puck.
14:00 of 3rd period - Slapshot by Derek Morris.
14:00 of 3rd period - Stopped by Chad Johnson without a rebound.
14:01 of 3rd period - T.J. Hensick wins face-off versus Kyle Brodziak in Demolitions zone.
14:29 of 3rd period - Snap shot by Daniel Paille.
14:29 of 3rd period - Shot Blocked by Bryan Bickell.
14:31 of 3rd period - Wrist shot by Brad Richardson.
14:31 of 3rd period - Stopped by Harru Sateri with a rebound.
14:33 of 3rd period - Snap shot by Daniel Paille.
14:33 of 3rd period - Shot Blocked by Derek Morris.
14:35 of 3rd period - Slapshot by Anssi Salmela.
14:35 of 3rd period - Shot Misses the Net.
14:37 of 3rd period - Snap shot by Brandon Dubinsky.
14:37 of 3rd period - Stopped by Harru Sateri with a rebound.
14:47 of 3rd period - Jordan LaVallee is hit by David Laliberté.
15:16 of 3rd period - Minor Penalty to Mike Sauer for Hooking.
15:17 of 3rd period - Kyle Brodziak wins face-off versus Daniel Paille in Saguenéens zone.
15:22 of 3rd period - Slapshot by Brad Richardson.
15:22 of 3rd period - Shot Blocked by Brandon Burlon.
15:42 of 3rd period - Kris Russell is hit by Anthony Stewart and loses puck.
15:51 of 3rd period - Snap shot by Anthony Stewart.
15:51 of 3rd period - Shot Blocked by Brandon Burlon.
17:16 of 3rd period - Penalty to Mike Sauer is over, Mike Sauer is back on ice.
17:29 of 3rd period - Jordan LaVallee is hit by Brian Flynn and loses puck.
17:51 of 3rd period - Peter Harrold is hit by Rhett Rakhshani and loses puck.
19:57 of 3rd period - Rhett Rakhshani is hit by Jordan LaVallee and loses puck.
Goals for this period are 1 for Demolitions vs 1 for Saguenéens.
Shots for this period are 4 for Demolitions vs 6 for Saguenéens.
Overtime #1
0:01 of 1st overtime period - Brandon Dubinsky wins face-off versus Kyle Brodziak in neutral zone.
0:08 of 1st overtime period - Snap shot by Brandon Dubinsky.
0:08 of 1st overtime period - Stopped by Harru Sateri with a rebound.
0:37 of 1st overtime period - Snap shot by Tyler Kennedy.
0:37 of 1st overtime period - Shot Misses the Net.
0:39 of 1st overtime period - Slapshot by Brandon Burlon.
0:39 of 1st overtime period - Shot Blocked by Kyle Cumiskey.
1:01 of 1st overtime period - Anthony Stewart is hit by Tyler Kennedy and loses puck.
2:13 of 1st overtime period - Jordan LaVallee is hit by David Laliberté and loses puck.
3:28 of 1st overtime period - Icing by Brandon Dubinsky.
3:29 of 1st overtime period - Brian Flynn wins face-off versus Darren Helm in Demolitions zone.
3:30 of 1st overtime period - Slapshot by David Laliberté.
3:30 of 1st overtime period - Shot Misses the Net.
3:32 of 1st overtime period - Snap shot by Kris Russell.
3:32 of 1st overtime period - Deflect By David Laliberté.
3:32 of 1st overtime period - Shot Blocked by Peter Harrold.
3:32 of 1st overtime period - Puck is out of play.
3:33 of 1st overtime period - Brian Flynn wins face-off versus Darren Helm in Demolitions zone.
3:44 of 1st overtime period - Snap shot by Spencer Machacek.
3:44 of 1st overtime period - Shot Misses the Net.
3:48 of 1st overtime period - Wrist shot by Spencer Machacek.
3:48 of 1st overtime period - Stopped by Harru Sateri without a rebound.
3:49 of 1st overtime period - Brandon Dubinsky wins face-off versus Marcus Johansson in Saguenéens zone.
3:54 of 1st overtime period - Snap shot by Brandon Dubinsky.
3:54 of 1st overtime period - Stopped by Harru Sateri without a rebound.
3:55 of 1st overtime period - Brandon Dubinsky wins face-off versus Marcus Johansson in Saguenéens zone.
4:04 of 1st overtime period - Slapshot by Brad Richardson.
4:04 of 1st overtime period - Goal by Brad Richardson - Demolitions : 4 - Saguenéens : 3.
Goals for this period are 1 for Demolitions vs 0 for Saguenéens.
Shots for this period are 4 for Demolitions vs 0 for Saguenéens.
Output by the SimonT Hockey Simulator (STHS) for François Prévost -- Original Page W3C XHTML 1.0 Valid